 Dungeon Crawl Stone Soup version 0.29.1-1-gd02db6906a (webtiles) character file.

Game seed: 13342110006217157772

47 Demigod47 the Covered (level 3, 0/33 HPs)
             Began as a Minotaur Fighter on Oct 17, 2022.
             Slain by Terence
             ... wielding a +2 mace of protection
              (7 damage)
             ... on level 2 of the Dungeon.
             The game lasted 00:02:16 (1066 turns).

Demigod47 the Covered (Minotaur Fighter)            Turns: 1066, Time: 00:02:17

Health: 0/33       AC:  7    Str: 22    XL:     3   Next: 48%
Magic:  2/2        EV:  9    Int:  5    God:
Gold:   26         SH:  6    Dex:  9    Spells: 2/2 levels left

rFire   . . .      SeeInvis .   a - +0 flail
rCold   . . .      Faith    .   m - +2 buckler
rNeg    . . .      Spirit   .   b - +0 scale mail
rPois   .          Reflect  .   (helmet restricted)
rElec   .          Harm     .   (no cloak)
rCorr   .          Rampage  .   (no gloves)
Will    .....                   (no boots)
Stlth   ..........              (no amulet)
HPRegen 0.11/turn               (no ring)
MPRegen 0.08/turn               (no ring)

@: no status effects
A: horns 2, retaliatory headbutt
a: no special abilities


You were on level 2 of the Dungeon.
You visited 1 branch of the dungeon, and saw 2 of its levels.

You collected 26 gold pieces.

Inventory:

Hand Weapons
 a - a +0 flail (weapon)
Armour
 b - a +0 scale mail (worn)
 c - a +0 buckler
 m - a +2 buckler (worn)
Scrolls
 g - 2 scrolls of identify {unknown}
 k - a scroll of magic mapping {unknown}
Potions
 d - a potion of might
 e - a potion of flight {unknown}
 f - 3 potions of degeneration {unknown}
 h - a potion of lignification {unknown}
 i - a potion of cancellation {unknown}
 j - a potion of haste {unknown}
 l - a potion of ambrosia {unknown}


   Skills:
 + Level 4.1 Fighting
 * Level 3.3 Maces & Flails
 + Level 4.2 Armour
 + Level 0.1 Dodging
 + Level 4.0 Shields


You had 2 spell levels left.
You didn't know any spells.
Your spell library contained the following spells:

 Spells                   Type           Power      Damage    Failure   Level
 Summon Small Mammal      Summ           0%         N/A       87%         1
 Ensorcelled Hibernation  Hex/Ice        0%         N/A       95%         2
 Call Canine Familiar     Summ           0%         N/A       99%         3
 Frozen Ramparts          Ice            0%         1d1       99%         3
 Ignite Poison            Fire/Tmut/Pois 0%         N/A       99%         3
 Spider Form              Tmut/Pois      0%         N/A       99%         3
 Summon Guardian Golem    Hex/Summ       0%         N/A       99%         3
 Polar Vortex             Ice            0%         N/A       100%        9


Dungeon Overview and Level Annotations

Branches:
Dungeon (2/15)

Altars:

Annotations:
D:2 Terence


Innate Abilities, Weirdness & Mutations

You have a pair of horns on your head.
You reflexively headbutt those who attack you in melee.


Message History

Terence barely misses you. You furiously retaliate!
You headbutt Terence! You hit Terence.
Terence is moderately wounded.
Terence shouts, "Get ready for death!"
Terence hits you with a +2 mace of protection.
You hit Terence. Your headbutt misses Terence.
Terence is heavily wounded.
Terence hits you with a +2 mace of protection.
You hit Terence but do no damage. Your headbutt misses Terence.
Terence is heavily wounded.
You block Terence's attack.
Terence hits you with a +2 mace of protection!
You barely miss Terence.
Terence is heavily wounded.
You block Terence's attack.
You hit Terence but do no damage.
Terence is heavily wounded.
You block Terence's attack.
You hit Terence but do no damage. You headbutt Terence, but do no damage.
Terence is heavily wounded.
Terence hits you with a +2 mace of protection.
You barely miss Terence.
Terence is heavily wounded.
You block Terence's attack. Terence closely misses you.
You hit Terence but do no damage.
Terence is heavily wounded.
Terence hits you with a +2 mace of protection.
* * * LOW HITPOINT WARNING * * *
You closely miss Terence.
Terence is heavily wounded.
Terence shouts, "Now you die!" Terence barely misses you.
You furiously retaliate!
You headbutt Terence, but do no damage. You hit Terence but do no damage.
You headbutt Terence, but do no damage.
Terence is heavily wounded.
Terence barely misses you.
You hit Terence but do no damage. You headbutt Terence.
Terence is severely wounded.
Terence hits you with a +2 mace of protection!
You die...

## #. ..#
#######.#######.# ##
............#.... .#
#........##.#.#.##.#
'........##.#.#....#
#........##.#.#....
............#.#..#######
...###...#..#.#.@@......
..)# #..........###.#.#.
...# ##.###.#.#.# ...#
#.#.#.#.#.#
...####'#...#.#.#
..))).........#.#
..>)..........+.#
##............###
#.###....######


You could see Terence.

Vanquished Creatures
  Robin (D:2)
  2 dart slugs (D:1)
  7 ball pythons
  3 endoplasms
  2 goblins
  4 hobgoblins
  3 quokkas
  A bat (D:1)
  A frilled lizard (D:1)
  4 kobolds
  A rat (D:1)
29 creatures vanquished.

Notes
Turn   | Place    | Note
-------+----------+-------------------------------------------
     0 | D:1      | Demigod47 the Minotaur Fighter began the quest for the Orb.
     0 | D:1      | Reached XP level 1. HP: 19/19 MP: 0/0
   221 | D:1      | Reached XP level 2. HP: 19/27 MP: 1/1
   854 | D:2      | Got the Grimoire of Frigorific Poisoning
   905 | D:2      | Reached XP level 3. HP: 25/33 MP: 2/2
   916 | D:2      | Noticed Robin
   923 | D:2      | Killed Robin
  1049 | D:2      | Noticed Terence
  1066 | D:2      | Slain by Terence

Illustrated notes

Levels and vault maps discovered:
D:1:      dpeg_arrival_three_same_balls, layout_basic
D:2:      layout_basic, st_stairs_11, uniq_terence, uniq_robin

Skill      XL: |  1  2  3 |
---------------+----------+-----
Armour         | 4 |  4.2
Fighting       | 4 |  4.1
Maces & Flails | 3 |  3.3
Shields        | 4 |  4.0
Dodging        | |  0.1

Action                   || total
-------------------------++-------
Melee: Flail             ||    79
       Headbutt          ||     8
Armor: Scale mail        ||    39
Dodge: Dodged            ||    42
Block: Buckler           ||    23
